 Dungeon Crawl Stone Soup version 0.26-a0-30-g56b8cd3df0 (webtiles) character file.

Game seed: 11095795542464239506, levelgen mode: deterministic

183 kae the Cudgeler (level 5, -1/42 HPs)
             Began as a Demonspawn Fighter on May 29, 2020.
             Succumbed to Sigmund's poison
             ... on level 3 of the Dungeon.
             The game lasted 00:01:43 (2764 turns).

kae the Cudgeler (Demonspawn Fighter)               Turns: 2764, Time: 00:01:44

Health: -1/42      AC: 16    Str: 17    XL:     5   Next: 35%
Magic:  5/5        EV:  6    Int:  9    God:
Gold:   99         SH:  8    Dex: 13    Spells: 4/4 levels left

rFire    . . .     SeeInvis .   a - +0 flail
rCold    . . .     Gourm    .   c - +0 kite shield
rNeg     . . .     Faith    .   b - +0 scale mail
rPois    .         Spirit   .   j - +0 helmet
rElec    .         Reflect  .   (no cloak)
rCorr    .         Harm     .   (no gloves)
MR       .....                  (no boots)
Stlth    ..........             (no amulet)
HPRegen  0.14/turn              (no ring)
MPRegen  0.09/turn              (no ring)

@: mighty, lethally poisoned (-1 -> -24), sanguine armour
A: sanguine armour 2
a: no special abilities


You were on level 3 of the Dungeon.
You were not hungry.

You visited 1 branch of the dungeon, and saw 3 of its levels.

You collected 99 gold pieces.

Inventory:

Hand Weapons
 a - a +0 flail (weapon)
Armour
 b - a +0 scale mail (worn)
 c - a +0 kite shield (worn)
 j - a +0 helmet (worn)
Scrolls
 e - a scroll of identify
 g - a scroll of enchant armour
 k - a scroll of teleportation
Potions
 d - a potion of might
 h - a potion of haste
Comestibles
 f - 2 rations


   Skills:
 + Level 4.2 Fighting
 * Level 4.3 Maces & Flails
 - Level 2.6 Armour
 - Level 2.6 Shields


You had 4 spell levels left.
You didn't know any spells.
Your spell library was empty.

Dungeon Overview and Level Annotations

Branches:
Dungeon (3/15)

Altars:

Annotations:
D:3 Robin, Sigmund


Innate Abilities, Weirdness & Mutations

When seriously injured, your bleeding wounds create thick armour. (AC +9)


Message History

You bump into the rock wall.
Something hits you!
* * * LOW HITPOINT WARNING * * *
You are lethally poisoned!
You miss something.
* * * LOW HITPOINT WARNING * * *
You feel very sick. Something hits you but does no damage.
It was a potion of cancellation.
Your magical effects are unravelling.
You feel magically purged.
You feel less confused.
* * * LOW HITPOINT WARNING * * *
You feel sick.
You feel very mighty all of a sudden.
* * * LOW HITPOINT WARNING * * *
You feel sick. Something hits you.
* * * LOW HITPOINT WARNING * * *
You are more poisoned.
You miss something.
You die...

#.........# ..#####
#...................
###.########...#####
#.# #........ #.#
#....#### #.#
##....# #.# #.....#
#.# #..#..####
#@#######(..(..†..
#.{......((.#.####
#########.....####
#.#.......
#.######## ###


There were no monsters in sight!

Vanquished Creatures
  2 jellies (D:2)
  An adder (D:2)
  9 oozes (D:2)
  A dart slug (D:1)
  2 leopard geckos
  3 orcs
  5 giant cockroaches
  4 goblins
  9 hobgoblins
  10 jackals
  A quokka (D:2)
  4 bats
  4 frilled lizards
  9 kobolds
  4 rats
  A bush (D:1)
69 creatures vanquished.

Vanquished Creatures (others)
  2 fungi (D:2)
  10 toadstools (D:2)
12 creatures vanquished.

Grand Total: 81 creatures vanquished

Notes
Turn   | Place    | Note
-------+----------+-------------------------------------------
     0 | D:1      | kae the Demonspawn Fighter began the quest for the Orb.
     0 | D:1      | Reached XP level 1. HP: 18/18 MP: 1/1
   302 | D:1      | Gained mutation: When seriously injured, your bleeding
                  | wounds create armour. (AC +9) [demonic ancestry]
   302 | D:1      | Reached XP level 2. HP: 24/24 MP: 2/2
  1424 | D:2      | Reached XP level 3. HP: 27/29 MP: 3/3
  2276 | D:2      | Reached XP level 4. HP: 33/37 MP: 4/4
  2287 | D:2      | Gained mutation: When seriously injured, your bleeding
                  | wounds create thick armour. (AC +9) [demonic ancestry]
  2287 | D:2      | Reached XP level 5. HP: 35/42 MP: 5/5
  2491 | D:3      | Noticed Robin
  2686 | D:3      | Noticed Sigmund
  2763 | D:3      | HP: 1/42 [something (3)]
  2764 | D:3      | Succumbed to Sigmund's poison

Illustrated notes

Levels and vault maps discovered:
D:1:      onia_arrival_mini_maze_b, layout_loops_ring, serial_forest,
          infiniplex_forest_end_3, infiniplex_forest_straight_3,
          infiniplex_forest_clump_large, infiniplex_forest_clump_C,
          infiniplex_forest_end_2, infiniplex_forest_straight_1,
          roderic_serpentine_path, serial_park_tiny_pond
D:2:      cheibrodos_fertilizer, layout_basic
D:3:      layout_basic, roderic_cross_of_infinity, uniq_robin, uniq_sigmund,
          uniq_terence

Skill      XL: |  1  2  3  4 |
---------------+-------------+-----
Maces & Flails | 2 3 4 |  4.3
Fighting       | 4 |  4.2
Armour         | |  2.6
Shields        | |  2.6

Action                   |  1- 3 |  4- 6 || total
-------------------------+-------+-------++-------
Melee: Flail             |   213 |    63 ||   276
  Use: Scroll            |     3 |       ||     3
       Potion            |     2 |     3 ||     5
  Eat: Chunk             |     4 |     2 ||     6
Armor: Scale mail        |    73 |    28 ||   101
Dodge: Dodged            |    44 |    18 ||    62
Block: Kite shield       |    88 |    19 ||   107

Table legend:
 A = Non-vault XP
 B = Vault XP
 C = Vault XP percentage of total XP
 D = Non-vault monster count
 E = Vault monster count
 F = Vault count percentage of total count
                 A         B        C        D         E       F
            +---------+---------+-------+---------+---------+-------
      Total |     102 |     160 |  61.1 |      48 |      20 |  29.4
            +---------+---------+-------+---------+---------+-------
        D:1 |      40 |       0 |   0.0 |      22 |       0 |   0.0
        D:2 |      51 |     160 |  75.8 |      20 |      20 |  50.0
        D:3 |      11 |       0 |   0.0 |       6 |       0 |   0.0
            +---------+---------+-------+---------+---------+-------
